cohdb
Replays
Latest Replays
All Replays
Popular Replays
Top Player Replays
Match Explorer
How It Works
Community
CoH3 Stats
Reddit
Sign in to upload your games and track your stats! →
Sign in with Steam
Match 41407397
Unlisted
Match 41407397
Overview
Messages
Build Orders
End
Royal Engineer Section
Construct Section Command Post
Infantry Section
Selects Australian Defense Battlegroup
Selects Australian Light Infantry Section
Infantry Section
Vickers Machine Gun Team
Construct Platoon Command Post
Humber Armored Car
Selects CMP 15cwt Supply Run
Australian Light Infantry Section
Unlock M3 Stuart Light Tanks
M3 Stuart Light Tank
6-pounder Anti-tank Gun Team
Construct Field Infirmary
Miles Colenso Avebury
la
gicobiwolfe
MoriMusic
nidjo
InTheBliTz
Fallenschirmjäger
过路仙
0
0
Comments
sign in to comment!
No comments posted yet!